 Dungeon Crawl Stone Soup version 0.30-a0-738-g116ff8c4af (webtiles) character file.

Game seed: 11933820190146877370

508 pokeman the Magician (level 6, 0/34 HPs)
             Began as a Deep Elf Hedge Wizard on Feb 2, 2023.
             Slain by an orc
             ... wielding a +0 trident
              (7 damage)
             ... on level 5 of the Dungeon on Feb 3, 2023.
             The game lasted 00:14:33 (6402 turns).

pokeman the Magician (Deep Elf Hedge Wizard)        Turns: 6402, Time: 00:14:33

Health: 0/34       AC:  3    Str:  7    XL:     6   Next: 98%
Magic:  7/18       EV: 13    Int: 21    God:
Gold:   280        SH:  0    Dex: 14    Spells: 8/20 levels left

rFire   . . .      SeeInvis .    y - +1 mace (protect)
rCold   . . .      Faith    .    (no shield)
rNeg    . . .      Spirit   .    b - +0 robe
rPois   +          Reflect  .    c - +0 hat
rElec   .          Harm     .    (no cloak)
rCorr   .          Rampage  .    j - +0 pair of gloves
Will    .....                    (no boots)
Stlth   ++                       (no amulet)
HPRegen 0.25/turn                r - ring of poison resistance
MPRegen 0.16/turn                (no ring)

@: no status effects
A: no striking features
a: no special abilities


You were on level 5 of the Dungeon.
You visited 1 branch of the dungeon, and saw 5 of its levels.

You collected 280 gold pieces.

Inventory:

Hand Weapons
 y - a +1 mace of protection (weapon)
Armour
 b - a +0 robe (worn)
 c - a +0 hat (worn)
 j - a +0 pair of gloves (worn)
 l - a scarf of harm
 m - the +0 ring mail of Evolution {rC+}
   (You found it on level 2 of the Dungeon)

   rC:        It protects you from cold.
Magical Staves
 s - a staff of death
 v - a staff of cold
Jewellery
 n - an amulet of faith
 r - a ring of poison resistance (left hand)
Scrolls
 a - a scroll of immolation {unknown}
 e - 2 scrolls of teleportation {unknown}
 g - 2 scrolls of vulnerability {unknown}
 h - a scroll of poison {unknown}
 k - 4 scrolls of enchant weapon {unknown}
 o - 6 scrolls of identify {unknown}
 p - a scroll of torment {unknown}
 q - a scroll of magic mapping {unknown}
 u - a scroll of fog {unknown}
 w - a scroll of noise {unknown}
Potions
 d - 2 potions of magic
 f - a potion of degeneration {unknown}
 i - 5 potions of curing
 t - a potion of berserk rage {unknown}
 x - a potion of brilliance {unknown}
 z - a potion of might {unknown}
 A - a potion of heal wounds {unknown}


   Skills:
 - Level 1.0 Fighting
 - Level 1.0 Armour
 - Level 3.0 Dodging
 - Level 3.0 Stealth
 * Level 7.6 Spellcasting
 + Level 3.6 Conjurations
 - Level 1.1 Summonings
 - Level 1.4 Necromancy
 - Level 1.1 Translocations
 - Level 1.3 Fire Magic
 - Level 1.4 Ice Magic
 - Level 1.2 Air Magic
 + Level 0.3 Poison Magic
 + Level 0.4 Evocations


You had 8 spell levels left.
You knew the following spells:

 Your Spells              Type           Power      Damage    Failure   Level
a - Magic Dart            Conj           92%        1d7       1%          1
b - Mephitic Cloud        Conj/Pois/Air  15%        N/A       12%         3
c - Call Imp              Summ           12%        N/A       8%          2
d - Blink                 Tloc           24%        N/A       8%          2
e - Flame Wave            Conj/Fire      18%        2d7       30%         4

Your spell library contained the following spells:

 Spells                   Type           Power      Damage    Failure   Level
 Necrotise                Necr           56%        1d6       4%          1
 Apportation              Tloc           24%        N/A       5%          1
 Summon Small Mammal      Summ           48%        N/A       5%          1
 Lesser Beckoning         Tloc           24%        N/A       8%          2
 Scorch                   Fire           26%        2d6       8%          2
 Slow                     Hex            28%        N/A       9%          1
 Cigotuvi's Dreadful Rot  Necr/Pois/Air  24%        N/A       9%          2
 Gell's Gravitas          Tloc           12%        N/A       16%         3
 Teleport Other           Tloc           12%        N/A       16%         3
 Passage of Golubria      Tloc           12%        N/A       45%         4
 Silence                  Hex/Air        5%         N/A       87%         5
 Summon Cactus Giant      Summ           6%         N/A       100%        6
 Lehudib's Crystal Spear  Conj/Erth      7%         10d3      100%        8


Dungeon Overview and Level Annotations

Branches:
Dungeon (5/15)
 Temple: D:4-7

Altars:
Qazlal

Shops:
D:4 :


Message History

The ball explodes into a vile cloud!
The stinking cloud engulfs the ogre but does no damage.
The ogre is heavily wounded.
The stinking cloud engulfs the orc but does no damage.
The orc is lightly wounded.
The stinking cloud engulfs the orc but does no damage.
The orc is engulfed in noxious fumes.
The orc appears confused.
Unknown command.
You barely miss the orc. The orc misses you.
You strike the helpless orc from behind!
You hit the orc but do no damage.
Your weapon exudes an aura of protection.
The ogre is engulfed in noxious fumes.
The ogre appears confused.
The orc cries.
The orc misses you.
The ogre is engulfed in noxious fumes.
The ogre appears confused.
You strike the helpless orc from behind!
You hit the orc.
The orc is moderately wounded.
The orc barely misses you. The orc attacks as you move away!
The orc hits you with a +0 club.
You feel a bit more experienced.
The orc wonders, "What am I doing in here?"
The orc hits you from afar with a +0 trident.
* * * LOW HITPOINT WARNING * * *
Casting: Mephitic Cloud (quite dangerous; 12% risk of failure)
Confirm with . or Enter, or press ? or * to list all spells.
The spell is quite dangerous to miscast (12% risk of failure)!
Continue anyway?
Aiming: Mephitic Cloud (quite dangerous; 12% risk of failure)
Press: ? - help, Shift-Dir - straight line, f/p - ogre
Aim: an ogre, wielding a +0 giant spiked club (heavily wounded, confused, chance to affect: 77%)
The ball explodes into a vile cloud!
The stinking cloud engulfs the ogre but does no damage.
The ogre is heavily wounded.
The stinking cloud engulfs the orc but does no damage. x2
The stinking cloud engulfs you but does no damage.
The ogre is engulfed in noxious fumes.
The orc is engulfed in noxious fumes.
The orc appears confused.
The orc hits you from afar with a +0 trident!
You die...

.######...## #.......#
...........######## #....<..##
.#######..........###........#
###..##...............#
#...##....≈.....[...#
#.######.#..#....≈≈§≈......#
#......#.......≈§§≈§##≈§...#
######...........#§≈≈§§≈≈..#
#.##§○@o....#≈8>≈#≈≈≈.#
#o...O○....≈#≈._≈#≈≈.##
##...o.##..≈≈≈≈§≈≈§§§.#
#..........§≈§###≈#§..# .
##.....##....≈≈≈....≈..#
>...###....#.>......§..≈.....#
........).####.#.............#
.##.....### .#....#.#.....##
##..... # ##...>...###


You could see an ogre (confused) and 3 orcs.

Vanquished Creatures
  2 ogres (D:4)
  A necrophage (D:4)
  2 hounds
  A jelly (D:4)
  Natasha (D:2)
  The ghost of MrSquiggles the Chiller, a weakling OpIE (D:3)
  A gnoll (D:4)
  7 adders
  A dart slug (D:5)
  8 orcs
  2 ball pythons (D:2)
  8 endoplasms
  2 giant cockroaches
  3 goblins
  6 hobgoblins
  8 kobolds
  2 quokkas
  5 bats
  5 frilled lizards
  7 rats
73 creatures vanquished.

Vanquished Creatures (collateral kills)
  A worm (D:3)
1 creature vanquished.

Vanquished Creatures (others)
  2 gnolls (D:4)
  A quokka (D:5)
3 creatures vanquished.

Grand Total: 77 creatures vanquished

Notes
Turn   | Place    | Note
-------+----------+-------------------------------------------
     0 | D:1      | pokeman the Deep Elf Hedge Wizard began the quest for the
                  | Orb.
     0 | D:1      | Reached XP level 1. HP: 10/10 MP: 7/7
   459 | D:1      | Reached XP level 2. HP: 16/16 MP: 6/9
  1217 | D:1      | Reached skill level 5 in Spellcasting
  1394 | D:2      | Reached XP level 3. HP: 19/20 MP: 2/11
  1398 | D:2      | Learned a level 3 spell: Mephitic Cloud
  1401 | D:2      | Learned a level 2 spell: Call Imp
  1404 | D:2      | Learned a level 2 spell: Blink
  1598 | D:2      | Identified the +0 ring mail of Evolution {rC+}
  1651 | D:2      | Reached skill level 1 in Armour
  1726 | D:2      | Reached skill level 1 in Fighting
  2089 | D:2      | Reached XP level 4. HP: 25/25 MP: 0/13
  2235 | D:2      | Noticed Natasha
  2251 | D:2      | Killed Natasha
  2417 | D:2      | Learned a level 4 spell: Flame Wave
  2925 | D:3      | Found a runed translucent door.
  2926 | D:3      | Noticed MrSquiggles's ghost (weakling OpIE)
  3025 | D:3      | Upgraded the game from 0.30-a0-737-gf23d94013f to
                  | 0.30-a0-738-g116ff8c4af
  3234 | D:3      | Killed MrSquiggles's ghost
  3235 | D:3      | Reached skill level 6 in Spellcasting
  3235 | D:3      | Reached XP level 5. HP: 16/29 MP: 0/15
  3608 | D:4      | Noticed an ogre
  3622 | D:4      | Killed an ogre
  3623 | D:4      | Reached skill level 1 in Necromancy
  3623 | D:4      | Reached skill level 1 in Fire Magic
  3642 | D:4      | Reached XP level 6. HP: 34/34 MP: 6/17
  3987 | D:4      | Reached skill level 7 in Spellcasting
  4005 | D:4      | Reached skill level 1 in Ice Magic
  4005 | D:4      | Reached skill level 1 in Air Magic
  4506 | D:4      | Found Ozututha's Tremendous Tomes.
  6241 | D:5      | Entered Level 5 of the Dungeon
  6328 | D:5      | Found a stormy altar of Qazlal.
  6402 | D:5      | Slain by an orc

Illustrated notes

Levels and vault maps discovered:
D:1:      evilmike_arrival_crescent, layout_basic,
          chequers_serial_rivers_small_a
D:2:      layout_loops_ring, minmay_randomly_rotated_circles, uniq_natasha
D:3:      layout_loops_ring, ebering_ghost_reflecting_pool
D:4:      layout_basic, nicolae_shop_i_like_big_books,
          corexii_item_surrounded_by_moat, grunt_decor_mini_mirrors,
          minivault_23, lemuel_flame_loot_1
D:5:      minmay_goblin_kobold_castle, layout_rooms,
          nicolae_qazlal_general_emergency, elyvilon_altar_4,
          nicolae_vehumet_radiance

Skill      XL: |  1  2  3  4  5  6 |
---------------+-------------------+-----
Spellcasting   | 5 6 7 |  7.6
Armour         | 1 |  1.0
Fighting       | 1 |  1.0
Conjurations   | 2 3 |  3.6
Dodging        | 3 |  3.0
Stealth        | 3 |  3.0
Necromancy     | 1 |  1.4
Fire Magic     | 1 |  1.3
Ice Magic      | 1 |  1.4
Air Magic      | 1 |  1.2
Summonings     | |  1.1
Translocations | |  1.1
Poison Magic   | |  0.3
Evocations     | |  0.4

Action                     |  1- 3 |  4- 6 || total
---------------------------+-------+-------++-------
  Melee: Dagger            |       |    29 ||    29
         Punch             |       |     1 ||     1
         Mace              |       |     8 ||     8
   Cast: Magic Dart        |   105 |   116 ||   221
         Mephitic Cloud    |       |    10 ||    10
         Call Imp          |       |     3 ||     3
         Blink             |       |   107 ||   107
   Stab: Confused          |       |     4 ||     4
 Armour: Robe              |     4 |     4 ||     8
  Dodge: Dodged            |    18 |    30 ||    48

Table legend: (Time is in decaauts)
 A = Elapsed time spent in this place.
 B = Non-inter-level travel time spent in this place.
 C = Inter-level travel time spent in this place.
 D = Time resting spent in this place.
 E = Time spent auto-exploring this place.
 F = Levels seen in this place.
 G = Mean time per level.
                   A        B        C        D        E       F      G
               +--------+--------+--------+--------+--------+-----+--------+
         Total |   6403 |   6309 |     94 |    980 |   4098 |   5 | 1280.6 |
       Dungeon |   6403 |   6309 |     94 |    980 |   4098 |   5 | 1280.6 |
               +--------+--------+--------+--------+--------+-----+--------+

Top non-repeatable levels by time:
     D:4: 2893 daAuts
     D:1: 1385 daAuts
     D:2: 1111 daAuts
     D:3: 849 daAuts
     D:5: 164 daAuts
